 Dungeon Crawl Stone Soup version 0.29-a0-222-g5b244fca1f (webtiles) character file.

Game seed: 7614257212205568012

71789 Crownlay the Eclecticist (level 15, -18/88 HPs)
             Began as a Gargoyle Earth Elementalist on Feb 27, 2022.
             Was a High Priest of Vehumet.
             Demolished by an ettin
             ... wielding a +0 dire flail
              (38 damage)
             ... on level 1 of the Orcish Mines.
             The game lasted 01:23:15 (26116 turns).

Crownlay the Eclecticist (GrEE)                    Turns: 26116, Time: 01:23:16

Health: -18/88     AC: 18    Str: 14    XL:     15   Next: 37%
Magic:  4/34       EV: 11    Int: 21    God:    Vehumet [*****.]
Gold:   1289       SH: 17    Dex: 16    Spells: 33/45 levels left

rFire   . . .      SeeInvis .   V - +5 hunting sling (vorpal)
rCold   . . .      Faith    .   v - +0 kite shield
rNeg    + . .      Spirit   .   N - +2 robe {Will+}
rPois   ∞          Reflect  +   h - +1 hat {Stlth+}
rElec   +          Harm     .   E - +0 cloak
rCorr   +          Rampage  .   (no gloves)
Will    ++...                   g - +0 pair of boots
Stlth   +++.......              I - amulet of reflection
HPRegen 0.24/turn               U - +6 ring of dexterity
MPRegen 0.24/turn               p - ring of resist corrosion

@: flying
A: sickness immunity, AC +11, big wings, negative energy resistance 1,
electricity resistance, torment resistance 1, petrification resistance
a: Renounce Religion


You were on level 1 of the Orcish Mines.
You worshipped Vehumet.
Vehumet was extremely pleased with you.
You visited 3 branches of the dungeon, and saw 19 of its levels.

You collected 1412 gold pieces.
You spent 123 gold pieces at shops.

Inventory:

Hand Weapons
 H - a +5 long sword of electrocution
 V - a +5 vorpal hunting sling (weapon)
Armour
 g - a +0 pair of boots (worn)
 h - a +1 hat of stealth (worn)
 v - a +0 kite shield (worn)
 E - a +0 cloak (worn)
 N - a +2 robe of willpower (worn)
 R - a +1 robe of cold resistance
Magical Staves
 d - a staff of cold
Jewellery
 p - a ring of resist corrosion (right hand)
 r - a ring of fire
 I - an amulet of reflection (around neck)
 Q - a ring of ice
 T - a ring of protection from cold
 U - a +6 ring of dexterity (left hand)
Wands
 k - a wand of digging (9)
 s - a wand of acid (18)
 x - a wand of polymorph (13)
 P - a wand of flame (10)
Scrolls
 e - 3 scrolls of teleportation
 i - 4 scrolls of fog
 A - 3 scrolls of enchant armour
 B - a scroll of noise {unknown}
 C - 4 scrolls of magic mapping
 D - 4 scrolls of amnesia
 K - a scroll of acquirement {unknown}
 S - a scroll of holy word {unknown}
Potions
 c - 3 potions of berserk rage {unknown}
 f - a potion of invisibility {unknown}
 j - 2 potions of mutation
 n - a potion of flight {unknown}
 o - 3 potions of attraction {unknown}
 q - 9 potions of curing
 w - 2 potions of ambrosia {unknown}
 z - 4 potions of magic {unknown}
 G - 4 potions of heal wounds {unknown}
 M - 2 potions of resistance {unknown}
 O - a potion of haste {unknown}
Miscellaneous
 L - a phantom mirror (inert)


   Skills:
 + Level 7.6 Fighting
 - Level 1.5 Dodging
 - Level 2.1 Stealth
 - Level 12.0 Shields
 * Level 15.7 Spellcasting
 + Level 8.3 Conjurations
 - Level 0.7 Transmutations
 + Level 9.7 Ice Magic
 + Level 13.9 Earth Magic


You had 33 spell levels left.
You knew the following spells:

 Your Spells              Type           Power      Damage    Failure   Level
a - Sandblast             Erth           100%       2d20      0%          1
b - Passwall              Tmut/Erth      39%        N/A       1%          2
c - Stone Arrow           Conj/Erth      100%       3d13      1%          3
d - Iron Shot             Conj/Erth      29%        9d6       3%          6

Your spell library contained the following spells:

 Spells                   Type           Power      Damage    Failure   Level
 Freeze                   Ice            100%       1d11      1%          1
 Magic Dart               Conj           100%       1d8       1%          1
 Shock                    Conj/Air       100%       1d9       1%          1
 Ensorcelled Hibernation  Hex/Ice        72%        N/A       1%          2
 Conjure Flame            Conj/Fire      34%        6-21      1%          3
 Frozen Ramparts          Ice            100%       1d12      1%          3
 Mephitic Cloud           Conj/Pois/Air  28%        N/A       1%          3
 Ozocubu's Armour         Ice            55%        N/A       1%          3
 Hailstorm                Conj/Ice       53%        3d12      1%          4
 Petrify                  Tmut/Erth      47%        N/A       3%          4
 Sticky Flame             Conj/Fire      34%        2d5       3%          4
 Freezing Cloud           Conj/Ice/Air   20%        6-21      4%          5
 Ignite Poison            Fire/Tmut/Pois 17%        N/A       5%          3
 Animate Skeleton         Necr           32%        N/A       8%          1
 Apportation              Tloc           32%        N/A       8%          1
 Pain                     Necr           64%        1d7       8%          1
 Summon Small Mammal      Summ           64%        N/A       8%          1
 Call Imp                 Summ           16%        N/A       11%         2
 Spider Form              Tmut/Pois      18%        N/A       19%         3
 Airstrike                Air            8%         N/A       19%         4
 Gell's Gravitas          Tloc           16%        N/A       22%         3
 Swiftness                Air            16%        N/A       22%         3
 Teleport Other           Tloc           16%        N/A       22%         3
 Vampiric Draining        Necr           16%        2d7       22%         3
 Metabolic Englaciation   Hex/Ice        18%        N/A       28%         5
 Ozocubu's Refrigeration  Ice            27%        4d10      28%         7
 Anguish                  Hex/Necr       8%         N/A       58%         4
 Dispersal                Tloc           8%         N/A       100%        6
 Disjunction              Tloc           8%         N/A       100%        8
 Statue Form              Tmut/Erth      Unusable   N/A       N/A         6

Dungeon Overview and Level Annotations

Branches:
Dungeon (12/15)            Temple (0/1) D:4            Lair (6/6) D:11
  Swamp (0/4) Lair:2       Spider (0/4) Lair:3        Slime (0/5) Lair:6
    Orc (1/2) D:11

Altars:
Dithmenos
Hepliaklqana
Kikubaaqudgha
Makhleb
Nemelex Xobeh
Qazlal
Ru
Sif Muna
Trog
Vehumet
Xom
Zin
The Shining One
Beogh

Shops:
D:7 ?   D:8 (

Annotations:
D:8 2 transporters
Lair:4 2 transporters, exclusion: ice statue, Adot Bir's ghost, journeyman DDGl
Lair:5 1 runed translucent door, Goptyism's ghost, journeyman MiFi


Innate Abilities, Weirdness & Mutations

You are immune to sickness and miasma.
Your stone body is resilient. (AC +11)
You are immune to poison.
Your large and strong wings let you fly.
You resist negative energy. (rN+)
You are resistant to electric shocks. (rElec)
You are resistant to unholy torment.
You are immune to petrification.


Message History

The stone arrow hits the troll!
The troll is heavily wounded.
The stone arrow hits the troll!
The troll is severely wounded.
The stone arrow hits the troll!
The troll is almost dead.
The stone arrow hits the troll!
You kill the troll!
Vehumet accepts your kill.
You feel your power returning.
The troll leather armour is intact enough to wear.
The stone arrow hits the ettin.
The ettin is lightly wounded.
An orc warrior comes into view. It is wielding a +0 hand axe.
The stone arrow hits the ettin!!
The ettin is moderately wounded.
The orc warrior shouts!
The stone arrow hits the ettin!
The ettin is heavily wounded.
The stone arrow hits the ettin!
The ettin is severely wounded.
An orc comes into view. It is wielding a +0 falchion.
The ettin hits you with a +0 dire flail!!!
You block the ettin's attack.
The orc shouts!
You hear a shout!
Casting: Stone Arrow (safe; 1% risk of failure)
Confirm with . or Enter, or press ? or * to list all spells.
Aiming: Stone Arrow (safe; 1% risk of failure)
Press: ? - help, Shift-Dir - straight line, f/p - ettin
Aim: an ettin, wielding a +0 dire flail and a +0 vorpal dire flail (severely wounded, 95% to hit)
The stone arrow hits the ettin.
The ettin is severely wounded.
The ettin closely misses you.
The ettin hits you with a +0 vorpal dire flail!!!
* * * LOW HITPOINT WARNING * * *
x2
Okay, then.
Okay, then.
It was a potion of curing.
You feel better.
The ettin hits you with a +0 dire flail!!!
You die...

##o.#.## ##......# ##
##o...#.####.##
#...###.#.....# ##.##
........# ##o##
#.#......#
#...###.#...#...
#..o#...........
######....oC@...#
###..##.#....##....#
##...........>#....##
#.................##
##.####.....#......
########...#.......
##...##.....#.$.......
#..................$...
##...##................


You could see an ettin, an orc warrior and an orc.

Vanquished Creatures
  Rupert (Lair:5)
  Gastronok (D:10)
  Kirke (Lair:4)
  Snorg (D:10)
  Josephine (D:11)
  10 hydras
  Fannar (Lair:1)
  2 catoblepae (Lair:4)
  3 two-headed ogres
  15 death yaks
  Nergalle (Lair:3)
  An orange crystal statue (D:11)
  An ugly thing (D:11)
  3 oklob plants (Lair:6)
  6 elephants (Lair:4)
  10 black mambas
  A gargoyle (D:11)
  16 cane toads
  Psyche (D:11)
  A rime drake (Lair:3)
  4 komodo dragons
  A kobold demonologist (D:10)
  3 trolls
  A tyrant leech (Lair:2)
  6 polar bears
  18 blink frogs
  35 dream sheep
  6 hornets
  2 jumping spiders (Lair:3)
  11 spriggans (Lair:6)
  5 wyverns
  A shadow (D:10)
  41 yaks
  5 wraiths (D:11)
  2 redbacks (Lair:3)
  A hog (Lair:4)
  5 vampire mosquitoes
  4 basilisks
  Menkaure (D:5)
  3 steam dragons
  A warg (Orc:1)
  A swamp worm (Lair:2)
  An acid dragon (D:12)
  15 water moccasins
  A swamp drake (D:11)
  8 orc warriors
  2 ice beasts
  7 black bears
  A sky beast (D:7)
  4 ogres
  5 boggarts (Lair:6)
  32 wolves
  2 centaurs (D:10)
  15 bullfrogs
  3 scorpions
  A gnoll sergeant (D:9)
  4 killer bees (D:10)
  3 howler monkeys
  10 wights
  2 electric eels (Lair:3)
  A gnoll shaman (D:6)
  2 hounds
  9 orc priests
  3 iguanas
  A jelly (D:5)
  Jessica (D:2)
  14 orc wizards
  14 gnolls
  5 adders
  4 shadow imps
  2 white imps
  An ufetubus (D:4)
  A worm (D:4)
  4 dart slugs
  55 orcs
  5 ball pythons
  6 bats
  3 endoplasms
  6 giant cockroaches
  7 goblins
  5 hobgoblins
  12 jackals
  9 quokkas
  3 frilled lizards
  4 kobolds
  4 rats
531 creatures vanquished.

Vanquished Creatures (others)
  A human (Lair:4)
  A bush (Lair:5)
  63 fungi
  98 plants
163 creatures vanquished.

Grand Total: 694 creatures vanquished

Notes
Turn   | Place    | Note
-------+----------+-------------------------------------------
     0 | D:1      | Crownlay the Gargoyle Earth Elementalist began the quest
                  | for the Orb.
     0 | D:1      | Reached XP level 1. HP: 10/10 MP: 3/3
   237 | D:1      | Reached XP level 2. HP: 4/15 MP: 1/5
   700 | D:1      | Reached XP level 3. HP: 19/19 MP: 7/7
   703 | D:1      | Learned a level 2 spell: Passwall
   707 | D:1      | Learned a level 3 spell: Stone Arrow
   738 | D:1      | Reached skill level 3 in Spellcasting
  1123 | D:2      | Noticed Jessica
  1128 | D:2      | Killed Jessica
  1129 | D:2      | Reached XP level 4. HP: 24/24 MP: 9/9
  1655 | D:2      | Found a bloodstained altar of Trog.
  2152 | D:3      | Found a radiant altar of Vehumet.
  2167 | D:3      | Became a worshipper of Vehumet
  2220 | D:3      | Found a faded altar of an unknown god.
  2390 | D:3      | Found a shadowy altar of Dithmenos.
  2428 | D:3      | Reached skill level 4 in Spellcasting
  2428 | D:3      | Reached XP level 5. HP: 21/28 MP: 1/11
  2654 | D:3      | Reached skill level 5 in Earth Magic
  2755 | D:3      | Found a sacrificial altar of Ru.
  3211 | D:4      | Found a staircase to the Ecumenical Temple.
  3338 | D:4      | Reached skill level 1 in Shields
  3338 | D:4      | Reached XP level 6. HP: 32/32 MP: 9/13
  3339 | D:4      | Reached * piety under Vehumet
  3339 | D:4      | Offered knowledge of Foxfire by Vehumet.
  3860 | D:5      | Entered Level 5 of the Dungeon
  3860 | D:5      | Found a burning altar of Makhleb.
  3894 | D:5      | Noticed an orc warrior
  3897 | D:5      | Reached skill level 5 in Spellcasting
  3900 | D:5      | Killed an orc warrior
  3901 | D:5      | Reached XP level 7. HP: 34/36 MP: 11/14
  4144 | D:5      | Noticed Menkaure
  4150 | D:5      | Killed Menkaure
  4150 | D:5      | Reached ** piety under Vehumet
  4150 | D:5      | Offered knowledge of Shock by Vehumet.
  4151 | D:5      | Reached skill level 6 in Spellcasting
  4247 | D:5      | Reached XP level 8. HP: 14/41 MP: 14/17
  4885 | D:5      | Reached skill level 7 in Spellcasting
  5810 | D:6      | Reached skill level 5 in Shields
  5855 | D:6      | Noticed a two-headed ogre
  5861 | D:6      | Reached XP level 9. HP: 42/45 MP: 20/20
  5862 | D:6      | Killed a two-headed ogre
  5863 | D:6      | Reached skill level 8 in Spellcasting
  6155 | D:6      | Found a stormy altar of Qazlal.
  6420 | D:7      | Reached skill level 9 in Spellcasting
  7030 | D:7      | Found a glowing silver altar of Zin.
  7112 | D:7      | Reached XP level 10. HP: 38/50 MP: 11/23
  7325 | D:7      | Found Omov Rei's Magic Scroll Boutique.
  7334 | D:7      | Bought a scroll of blinking for 97 gold pieces
  7334 | D:7      | Bought a scroll of identify for 26 gold pieces
  7348 | D:7      | Found a sparkling altar of Nemelex Xobeh.
  7674 | D:8      | Offered knowledge of Poisonous Vapours by Vehumet.
  7748 | D:8      | Found a shimmering altar of Xom.
  7856 | D:8      | Found a transporter.
  7940 | D:8      | Found a transporter.
  8001 | D:8      | Reached *** piety under Vehumet
  8064 | D:8      | Found Dehogoe's Antique Weapon Shoppe.
  8208 | D:8      | Reached skill level 10 in Spellcasting
  8208 | D:8      | Reached skill level 1 in Conjurations
  8303 | D:8      | Found a faded altar of an unknown god.
  8303 | D:8      | Found a faded altar of an unknown god.
  8303 | D:8      | Found a faded altar of an unknown god.
  8305 | D:8      | Found a hazy altar of Hepliaklqana.
  8482 | D:9      | Reached skill level 1 in Ice Magic
  8494 | D:9      | Offered knowledge of Inner Flame by Vehumet.
  8839 | D:9      | Reached skill level 10 in Earth Magic
  9095 | D:9      | Found a bloodstained altar of Trog.
  9095 | D:9      | Found a glowing golden altar of the Shining One.
  9180 | D:9      | Found an ancient bone altar of Kikubaaqudgha.
  9180 | D:9      | Noticed a two-headed ogre
  9189 | D:9      | Killed a two-headed ogre
  9421 | D:10     | Entered Level 10 of the Dungeon
  9483 | D:10     | Reached **** piety under Vehumet
  9484 | D:10     | Reached XP level 11. HP: 54/54 MP: 22/25
  9536 | D:10     | Noticed a two-headed ogre
  9540 | D:10     | Killed a two-headed ogre
  9654 | D:10     | Reached skill level 11 in Spellcasting
  9789 | D:10     | Found a shimmering blue altar of Sif Muna.
  9837 | D:10     | Noticed Gastronok
  9891 | D:10     | Noticed Snorg
  9901 | D:10     | Killed Snorg
 10782 | D:11     | Offered knowledge of Olgreb's Toxic Radiance by Vehumet.
 10850 | D:11     | Noticed Psyche
 10854 | D:11     | Killed Psyche
 10981 | D:11     | Noticed Josephine
 10985 | D:11     | Killed Josephine
 11020 | D:10     | Reached skill level 5 in Conjurations
 11335 | D:11     | Found a staircase to the Lair.
 11505 | D:11     | Noticed an orange crystal statue
 11508 | D:11     | Noticed a two-headed ogre
 11509 | D:11     | Killed an orange crystal statue
 11574 | D:11     | Reached skill level 5 in Ice Magic
 11792 | D:11     | Found a staircase to the Orcish Mines.
 11810 | D:11     | Reached ***** piety under Vehumet
 11821 | D:11     | Offered knowledge of Fulminant Prism by Vehumet.
 12033 | Lair:1   | Entered Level 1 of the Lair of Beasts
 12033 | Lair:1   | Noticed a five-headed hydra
 12037 | Lair:1   | Reached skill level 12 in Spellcasting
 12040 | Lair:1   | Killed a five-headed hydra
 12041 | Lair:1   | Reached XP level 12. HP: 48/59 MP: 17/28
 12056 | Lair:1   | Noticed a seven-headed hydra
 12232 | Lair:1   | Killed a seven-headed hydra
 12431 | Lair:1   | Noticed Fannar
 12438 | Lair:1   | Killed Fannar
 13472 | Lair:2   | Noticed a six-headed hydra
 13475 | Lair:2   | Noticed a five-headed hydra
 13481 | Lair:2   | Killed a six-headed hydra
 13482 | Lair:2   | Reached skill level 10 in Shields
 13834 | Lair:2   | Found a staircase to the Swamp.
 13902 | Lair:2   | Killed a five-headed hydra
 14018 | Lair:2   | Reached skill level 13 in Spellcasting
 14061 | Lair:2   | Reached skill level 1 in Fighting
 14409 | Lair:2   | Reached XP level 13. HP: 66/66 MP: 27/30
 15418 | Lair:2   | Offered knowledge of Iron Shot by Vehumet.
 15616 | Lair:2   | Learned a level 6 spell: Iron Shot
 16175 | Lair:3   | Found a hole to the Spider Nest.
 16293 | Lair:3   | Noticed Nergalle
 16302 | Lair:3   | Killed Nergalle
 16546 | Lair:3   | Reached skill level 14 in Spellcasting
 16908 | Lair:4   | Found a transporter.
 17105 | Lair:4   | Noticed Kirke
 17114 | Lair:4   | Killed Kirke
 17192 | Lair:4   | Found a transporter.
 17484 | Lair:4   | Reached skill level 5 in Fighting
 17732 | Lair:4   | Gained mutation: Your large and strong wings let you fly.
                  | [Gargoyle growth]
 17732 | Lair:4   | Reached XP level 14. HP: 77/78 MP: 7/32
 17885 | Lair:4   | Noticed Adot Bir's ghost (journeyman DDGl)
 19266 | D:10     | Killed Gastronok
 19837 | Lair:5   | Noticed Rupert
 19850 | Lair:5   | Killed Rupert
 20014 | Lair:5   | Found a runed translucent door.
 20014 | Lair:5   | Found a shimmering altar of Xom.
 20014 | Lair:5   | Noticed Goptyism's ghost (journeyman MiFi)
 20667 | Lair:6   | Entered Level 6 of the Lair of Beasts
 20909 | Lair:6   | Reached skill level 15 in Spellcasting
 21175 | Lair:6   | Reached ****** piety under Vehumet
 22113 | Lair:6   | Found a stormy altar of Qazlal.
 22663 | Lair:6   | Reached XP level 15. HP: 85/85 MP: 29/34
 23694 | Lair:6   | Found a staircase to the Slime Pits.
 25909 | Orc:1    | Entered Level 1 of the Orcish Mines
 26116 | Orc:1    | Demolished by an ettin

Illustrated notes

Levels and vault maps discovered:
D:1:      grunt_arrival_lava_bath, layout_loops_ring
D:2:      layout_loops_corners, basic_altar, uniq_jessica
D:3:      layout_basic, overflow_temple_1_default,
          nicolae_ru_the_path_less_chosen, nicolae_overflow_crystal_walls,
          shapermc_ecumenical_altar_starsandcircs
D:4:      layout_basic, minmay_temple_entry_glass
D:5:      layout_loops_ring, bloody_makhleb, uniq_menkaure
D:6:      layout_loops_corners, nicolae_qazlal_eye_of_the_storm
D:7:      layout_gridville, nemelex_xobeh_ov_fountains_minmay,
          mainiacjoe_overflow_alcove_1, serial_shops,
          nicolae_shop_temple_entry_statues_fountains
D:8:      gammafunk_beogh_shrine, layout_cave_pools,
          mainiacjoe_overflow_six_doors_small,
          nicolae_hepliaklqana_ecumenical_no_more, serial_glass,
          glass_columns_a, glass_columns_c, serial_shops, shop,
          hangedman_abyss_or_decor_stabs, lemuel_flame_loot_1
D:9:      layout_roguey, gammafunk_temple_overflow_elements,
          nicolae_kikubaaqudgha_miasma_corner
D:10:     layout_basic, nicolae_sif_muna_little_library, uniq_gastronok,
          uniq_snorg
D:11:     layout_irregular_city, due_lair_maze_entry_diamond, erik_orc_1,
          minivault_15, uniq_josephine, uniq_psyche
D:12:     layout_cave_pools, uniq_erolcha
Lair:1:   layout_gridlike, uniq_fannar
Lair:2:   layout_roguey, palyth_hydra_swamp_entry,
          chequers_serial_rivers_micro_c, chequers_serial_rivers_marsh,
          infiniplex_staircase_pool_2
Lair:3:   layout_gridlike, spider_nest_entry_a, st_stairs_3,
          nicolae_quartered_pool_little, uniq_nergalle
Lair:4:   layout_gridlike, nzn_ghost_randoct, small_statue_intersection,
          infiniplex_staircase_pool, uniq_kirke
Lair:5:   layout_long_grid, ebering_ghost_xom, uniq_rupert
Lair:6:   minmay_lair_end_enchanted_forest, layout_cave_pods,
          minmay_slime_entry_oklob_open, basic_altar
Orc:1:    layout_caves

Skill      XL: |  1  2  3  4  5  6  7  8  9 10 11 12 13 14 15 |
---------------+----------------------------------------------+-----
Earth Magic    | 4 5 6 7 9 10 11 12 13 | 13.9
Spellcasting   | 3 4 5 6 7 9 10 12 13 14 15 | 15.7
Shields        | 1 2 3 5 6 8 9 10 11 12 | 12.0
Conjurations   | 3 5 6 7 8 |  8.3
Ice Magic      | 2 5 6 8 9 |  9.7
Fighting       | 2 5 6 7 |  7.6
Dodging        | |  1.5
Stealth        | |  2.1
Transmutations | |  0.7

Action                   |  1- 3 |  4- 6 |  7- 9 | 10-12 | 13-15 || total
-------------------------+-------+-------+-------+-------+-------++-------
Melee: Dagger            |     6 |       |       |       |       ||     6
       Long sword        |       |       |       |     7 |    94 ||   101
       Hunting sling     |       |       |       |       |     1 ||     1
 Fire: Hunting sling     |    38 |   128 |    56 |    98 |   215 ||   535
 Cast: Sandblast         |    16 |    54 |    70 |   233 |   206 ||   579
       Stone Arrow       |       |     1 |    44 |   150 |   367 ||   562
       Iron Shot         |       |       |       |       |    14 ||    14
Evoke: Wand              |       |     1 |     5 |       |     7 ||    13
       Phantom mirror    |       |       |       |       |     2 ||     2
  Use: Scroll            |       |     3 |     6 |     3 |     9 ||    21
       Potion            |       |       |       |       |     4 ||     4
Armor: Robe              |    13 |    19 |    25 |    74 |   142 ||   273
Dodge: Dodged            |    19 |    29 |    31 |    57 |   126 ||   262
Block: Kite shield       |       |       |     2 |    79 |   260 ||   341
       Reflection        |       |       |       |       |     9 ||     9

Table legend: (Time is in decaauts)
 A = Elapsed time spent in this place.
 B = Non-inter-level travel time spent in this place.
 C = Inter-level travel time spent in this place.
 D = Time resting spent in this place.
 E = Time spent auto-exploring this place.
 F = Levels seen in this place.
 G = Mean time per level.
                   A        B        C        D        E       F      G
               +--------+--------+--------+--------+--------+-----+--------+
         Total |  26515 |  25457 |   1058 |   5313 |  13556 |  19 | 1395.5 |
       Dungeon |  12965 |  12561 |    404 |   1099 |   8274 |  12 | 1080.4 |
          Lair |  13342 |  12689 |    653 |   4116 |   5282 |   6 | 2223.7 |
  Orcish Mines |    207 |    207 |      0 |     98 |      0 |   1 |  207.0 |
               +--------+--------+--------+--------+--------+-----+--------+

Top non-repeatable levels by time:
  Lair:6: 3908 daAuts
  Lair:5: 2724 daAuts
  Lair:2: 2256 daAuts
    D:11: 1816 daAuts
  Lair:3: 1604 daAuts
  Lair:4: 1593 daAuts
    D:10: 1576 daAuts
     D:5: 1409 daAuts
  Lair:1: 1256 daAuts
     D:7: 1142 daAuts
     D:1: 1110 daAuts
     D:6: 1071 daAuts
     D:8: 1018 daAuts
     D:2: 1009 daAuts
     D:9: 972 daAuts
